 Dungeon Crawl Stone Soup version 0.22-a0-458-gb446440 (webtiles) character file.

660 Gildeon the Magician (level 7, -3/36 HPs)
             Began as a Gargoyle Earth Elementalist on June 8, 2018.
             Slain by Blork the orc
             ... wielding a +5 glaive of pain
              (15 damage)
             ... on level 5 of the Dungeon.
             The game lasted 00:23:57 (4176 turns).

Gildeon the Magician (Gargoyle Earth Elementalist)  Turns: 4176, Time: 00:23:58

Health: -3/36      AC:  8    Str: 14 (16) XL:     7   Next: 56%
Magic:  3/15       EV: 12    Int: 18 (19) God:
Gold:   176        SH:  0    Dex: 10 (11) Spells: 2/17 levels left

rFire    . . .     SeeInvis .   a - +1 flail
rCold    . . .     Gourm    +   (no shield)
rNeg     + . .     Faith    .   c - +1 robe
rPois    ∞         Spirit   .   n - +0 helmet
rElec    +         Reflect  .   h - scarf {cloud immunity}
rCorr    .         Harm     .   (no gloves)
MR       .....                  (no boots)
Stlth    ++........             q - amulet of the gourmand
HPRegen  0.12/turn              (no ring)
MPRegen  0.14/turn              (no ring)

@: mighty, very slightly contaminated
A: clever 1, deterioration 1, negative energy resistance 1, electricity
resistance, unbreathing, evolution 1, petrification resistance, rot immunity, AC
+4
a: no special abilities


You were on level 5 of the Dungeon.
You were completely stuffed.

You visited 1 branch of the dungeon, and saw 5 of its levels.

You collected 198 gold pieces.
You spent 22 gold pieces at shops.

Inventory:

Hand Weapons
 a - a +1 flail (weapon)
 e - a +0 falchion
 m - a +0 battleaxe
Armour
 c - a +1 robe (worn)
 h - a scarf of cloud immunity (worn)
 n - a +0 helmet (worn)
Jewellery
 q - an amulet of the gourmand (around neck)
Scrolls
 j - a scroll of remove curse
Potions
 f - a potion of curing
 i - 2 potions of might
Comestibles
 d - 3 rations
 o - a chunk of flesh


   Skills:
 - Level 1.5 Dodging
 - Level 2.1 Stealth
 - Level 5.6 Spellcasting
 + Level 2.5 Conjurations
 - Level 3.0 Transmutations
 - Level 5.1 Earth Magic


You had 2 spell levels left.
You knew the following spells:

 Your Spells              Type           Power        Failure   Level  Hunger
a - Sandblast             Erth           ###...       1%          1    None
b - Passwall              Tmut/Erth      ###.....     3%          2    None
c - Stone Arrow           Conj/Erth      ###...       8%          3    ##.....
d - Petrify               Tmut/Erth      ###.....     22%         4    ####...
e - Lee's Rapid Deconstr  Erth           ###.......   38%         5    #####..

Your spell library contained the following spells:

 Spells                   Type           Power        Failure   Level  Hunger


Dungeon Overview and Level Annotations

Branches:
Dungeon (5/15)             Temple (0/1) D:5

Altars:
Trog

Shops:
D:4 ?

Annotations:
D:5 Blork the orc


Innate Abilities, Weirdness & Mutations

You are resistant to torment.
Your stone body is resilient. (AC +4)
You are immune to poison.
You resist negative energy. (rN+)
You are resistant to electric shocks. (rElec)
You can survive without breathing.
You are immune to petrification.
You are immune to rotting.
Your mind is acute. (Int +2)
Your body sometimes deteriorates upon taking damage.
You evolve.


Message History

The crimson imp blinks!
The hound barely misses you. The hound closely misses you.
The hound bites you but does no damage. x2
You sock the hound!
The hound is almost dead.
The hound bites you but does no damage. Something hits you.
* * * LOW HITPOINT WARNING * * *
Your body deteriorates!
You feel clumsy. The hound bites you.
* * * LOW HITPOINT WARNING * * *
You feel much better. The hound bites you but does no damage.
Something hits you! The hound bites you.
Your body deteriorates!
You feel dopey.
You sock the hound!
You kill the hound!
Something hits you! The crimson imp closely misses you.
You closely miss the crimson imp. The crimson imp barely misses you.
Something hits you!
You die...

.#.............#..........***,***
.#..................,....,.,,,,,,
.#.............##..##..##..***,**
.#.........#...##..#.......,*,,,,
.#.........#...##..........,,,*,,
.......##.##...##..........,,,*,,
.......##..........#.......,*,,,,
.......#####...###.#....>..,***,*
................@5........$,,,,,,
.......############........,,,*,,
.......# *#.......,*,*,, .......#
*#..##..**,*,, ###....#
*......,,,*,, *#####
*****....,,,,*** *,,,,.#..,,,,* *
*,***,*..,,,,*** #### *,*
*,,,,,,,,,,,


You could see a crimson imp.

Vanquished Creatures
  A phantom (D:4)
  The ghost of Scuka the Charmwright, an amateur GnSk (D:3)
  An ogre (D:4)
  A crimson imp (D:5)
  A bullfrog zombie (D:5)
  An orc priest (D:5)
  A hound (D:5)
  A bullfrog skeleton (D:4)
  A jelly (D:5)
  A worker ant (D:4)
  Robin (D:3)
  A worker ant zombie (D:5)
  2 adders
  2 shadow imps
  4 oozes
  4 worms
  3 dart slugs
  2 leopard geckos
  9 orcs
  3 ball pythons
  4 giant cockroaches
  21 goblins
  6 hobgoblins
  5 jackals
  6 kobolds
  3 quokkas
  9 bats
  5 frilled lizards
  2 quokka skeletons
  5 rats
107 creatures vanquished.

Vanquished Creatures (others)
  A frilled lizard (D:4)
1 creature vanquished.

Grand Total: 108 creatures vanquished

Notes
Turn   | Place    | Note
-------+----------+-------------------------------------------
     0 | D:1      | Gildeon the Gargoyle Earth Elementalist began the quest for the Orb.
     0 | D:1      | Reached XP level 1. HP: 10/10 MP: 3/3
    96 | D:1      | Reached XP level 2. HP: 7/15 MP: 0/5
   256 | D:1      | Learned a level 2 spell: Passwall
   410 | D:1      | Reached XP level 3. HP: 17/19 MP: 3/7
   434 | D:1      | Learned a level 3 spell: Stone Arrow
  1326 | D:2      | Reached XP level 4. HP: 22/24 MP: 6/9
  1351 | D:2      | Learned a level 4 spell: Petrify
  1407 | D:2      | Gained mutation: Armour fits poorly on your strangely shaped body. [potion of mutation]
  1407 | D:2      | Gained mutation: Your body sometimes deteriorates upon taking damage. [potion of mutation]
  1407 | D:2      | Gained mutation: Your mind is acute. (Int +2) [potion of mutation]
  1407 | D:2      | Gained mutation: You evolve. [potion of mutation]
  1611 | D:2      | Lost mutation: Armour fits poorly on your strangely shaped body. [evolution]
  2643 | D:3      | Reached XP level 5. HP: 28/28 MP: 8/11
  2729 | D:3      | Noticed Robin
  2760 | D:3      | Killed Robin
  2960 | D:3      | Noticed Scuka's ghost (amateur GnSk)
  2975 | D:3      | Killed Scuka's ghost
  2975 | D:3      | Reached skill level 5 in Spellcasting
  2975 | D:3      | Reached XP level 6. HP: 17/32 MP: 5/14
  2982 | D:3      | Learned a level 5 spell: Lee's Rapid Deconstruction
  3122 | D:4      | Noticed a phantom
  3138 | D:4      | Killed a phantom
  3146 | D:4      | Found a bloodstained altar of Trog.
  3231 | D:4      | Reached skill level 5 in Earth Magic
  3242 | D:4      | Reached skill level 1 in Transmutations
  3478 | D:4      | Found Puluf's Magic Scroll Shop.
  3484 | D:4      | Bought a scroll of identify for 22 gold pieces
  3695 | D:4      | Reached XP level 7. HP: 36/36 MP: 11/15
  3805 | D:5      | Entered Level 5 of the Dungeon
  3885 | D:5      | Reached skill level 1 in Conjurations
  4155 | D:5      | Noticed Blork the orc
  4176 | D:5      | Slain by Blork the orc

Vault maps used:
D:1:      wheals_arrival_shading
D:2:      grunt_ministairs_3
D:3:      kennysheep_goblin_castle, first_ration
D:4:      serial_shops, kennysheep_little_box, trog_book
D:5:      minmay_temple_entry_statues_pillars, st_stairs_5, uniq_blork_the_orc

Skill      XL: |  1  2  3  4  5  6  7 |
---------------+----------------------+-----
Spellcasting   | 3 4 5 |  5.6
Earth Magic    | 5 |  5.1
Transmutations | 2 3 |  3.0
Conjurations   | 2 |  2.5
Dodging        | |  1.5
Stealth        | |  2.1

Action                   |  1- 3 |  4- 6 |  7- 9 || total
-------------------------+-------+-------+-------++-------
Melee: Dagger            |     8 |       |       ||     8
       Unarmed           |     3 |       |       ||     3
       Club              |     5 |       |       ||     5
       Flail             |       |    29 |    12 ||    41
 Cast: Sandblast         |    47 |    85 |    25 ||   157
       Stone Arrow       |       |     9 |     9 ||    18
  Use: Scroll            |     3 |     8 |     3 ||    14
       Potion            |       |     1 |     3 ||     4
 Stab: Sleeping          |     1 |       |       ||     1
  Eat: Chunk             |     1 |    27 |     2 ||    30
Armor: Robe              |    12 |    20 |    19 ||    51
Dodge: Dodged            |    17 |    66 |    20 ||   103

Table legend:
 A = Spawn XP
 B = Non-spawn XP
 C = Spawn XP percentage of total XP
 D = Spawn monster count
 E = Non-spawn monster count
 F = Spawn count percentage of total count
 G = Total turns spent on level
                    A         B        C        D         E        F      G
               +---------+---------+-------+---------+---------+-------+---------
         Total |       0 |     944 |   0.0 |       0 |     107 |   0.0 |  4176
               +---------+---------+-------+---------+---------+-------+---------
           D:1 |       0 |      49 |   0.0 |       0 |      21 |   0.0 |   857
           D:2 |       0 |      52 |   0.0 |       0 |      16 |   0.0 |   928
           D:3 |       0 |     232 |   0.0 |       0 |      42 |   0.0 |  1224
           D:4 |       0 |     350 |   0.0 |       0 |      13 |   0.0 |   796
           D:5 |       0 |     261 |   0.0 |       0 |      15 |   0.0 |   371
               +---------+---------+-------+---------+---------+-------+---------
